Sabres vs Bruins

Created - May 3 2011 at 18:28

Goals
1 2 3 T
Sabres 1 1 1 3
Bruins 1 0 0 1
Shots
1 2 3 T
Sabres 8 10 10 28
Bruins 2 7 5 14

Period #1

1. Sabres , Luke Schenn 2 (Johan Franzen, Troy Brouwer) at 13:25
2. Bruins , Milan Lucic 2 (Dan Hamhuis) at 18:52

Penalties :
Jeff Schultz (BUF) for Tripping (Minor) at 2:46, Toni Lydman (BOS) for Roughing (Minor) at 9:37

Period #2

3. Sabres , Johan Franzen 1 (Chris Phillips, Troy Brouwer) at 6:49

Penalties :
David Krejci (BOS) for Holding (Minor) at 0:29, Kyle Quincey (BUF) for Hooking (Minor) at 2:25, Zdeno Chara (BOS) for Hooking (Minor) at 4:32, Milan Lucic (BOS) for High sticking (Minor) at 9:12, Troy Brouwer (BUF) for Tripping (Minor) at 16:31

Period #3

4. Sabres , Brian Gionta 8 (Kyle Quincey, Mike Richards) at 11:48 (PP)

Penalties :
Tyler Myers (BUF) for Elbowing (Minor) at 0:13, Zdeno Chara (BOS) for Hooking (Minor) at 6:51, Chris Phillips (BUF) for Hooking (Minor) at 9:24, Dustin Brown (BOS) for Roughing (Minor) at 11:06, Patrice Bergeron (BOS) for Holding (Minor) at 18:03

Goalie Stats

Evgeni Nabokov (BUF), 13 saves from 14 shots - (0.929), W, 8-6-0, 60:00 minutes
Cam Ward (BOS), 25 saves from 28 shots - (0.893), L, 8-5-0, 60:00 minutes

Players Stats

Sabres
Player Name              G  A  P  +/- PIM S  H  SB FO    MP 
------------------------------------------------------------
Brian Gionta             1  0  1   0  0   4  0  0  4/8   23 
Chris Phillips           0  1  1   1  2   0  2  0  0/0   17 
David Legwand            0  0  0   0  0   1  0  0  8/14  12 
Devin Setoguchi          0  0  0   0  0   0  0  0  0/0   2  
Eric Fehr                0  0  0   0  0   0  0  0  0/0   0  
James Neal               0  0  0   0  0   1  1  0  2/2   18 
Jeff Schultz             0  0  0  -1  2   0  1  1  0/0   22 
Johan Franzen            1  1  2   2  0   2  1  0  0/0   12 
Kyle Quincey             0  1  1   0  2   1  4  1  0/0   23 
Luke Schenn              1  0  1   2  0   2  1  3  0/0   13 
Mike Richards            0  1  1   0  0   3  2  1  17/25 24 
Ryan Kesler              0  0  0   0  0   3  0  0  10/32 23 
Teemu Selanne            0  0  0   0  0   2  0  0  2/3   20 
Trevor Daley             0  0  0   1  0   3  0  2  0/0   21 
Troy Brouwer             0  2  2   2  2   1  2  0  0/1   19 
Tuomo Ruutu              0  0  0  -1  0   2  3  0  2/3   17 
Tyler Myers              0  0  0  -1  2   3  1  0  0/0   23 
Victor Hedman            0  0  0   0  0   0  0  0  0/0   0  
Bruins
Player Name              G  A  P  +/- PIM S  H  SB FO    MP 
------------------------------------------------------------
Brad Marchand            0  0  0   0  0   0  0  0  0/0   12 
Chris Kelly              0  0  0   0  0   0  0  0  9/17  15 
Dan Hamhuis              0  1  1   0  0   0  2  0  0/0   23 
David Krejci             0  0  0   0  2   0  0  0  4/16  10 
Dennis Seidenberg        0  0  0   0  0   0  1  3  0/0   22 
Dustin Brown             0  0  0   0  2   2  3  1  2/6   19 
Gregory Campbell         0  0  0   0  0   0  1  0  0/1   7  
Henrik Zetterberg        0  0  0   0  0   1  0  0  15/24 22 
Jordan Leopold           0  0  0   0  0   0  0  2  0/0   20 
Mark Recchi              0  0  0  -1  0   0  0  0  0/1   8  
Milan Lucic              1  0  1   0  2   1  4  0  0/0   12 
Nathan Horton            0  0  0   0  0   2  0  0  0/0   11 
Patrice Bergeron         0  0  0  -1  2   1  1  0  10/18 14 
Rich Peverley            0  0  0   0  0   4  0  0  1/1   17 
Rick Nash                0  0  0  -1  0   2  5  0  2/4   24 
Tom Gilbert              0  0  0  -1  0   0  0  0  0/0   11 
Toni Lydman              0  0  0   0  2   0  1  0  0/0   17 
Zdeno Chara              0  0  0  -1  4   1  4  4  0/0   22 

3 Stars

1 - Johan Franzen (BUF)
2 - Luke Schenn (BUF)
3 - Troy Brouwer (BUF)

Power Play

Sabres - 1 on 7 Attempt(s) - 14.29%
Bruins - 0 on 5 Attempt(s) - 0.00%

Penalty Kill

Sabres - 5 on 5 Attempt(s) - 100.00% - Score 0 goal in Penalty Kill
Bruins - 6 on 7 Attempt(s) - 85.71% - Score 0 goal in Penalty Kill

Game Notes

No Game Note

Finance

Level 1 -- Attendance: 6500 (100.00%) -- Ticket Income $487,500.00
Level 2 -- Attendance: 5000 (100.00%) -- Ticket Income $250,000.00
Level 3 -- Attendance: 3500 (100.00%) -- Ticket Income $105,000.00
Level 4 -- Attendance: 1565 (100.00%) -- Ticket Income $31,300.00
Luxury Box -- Attendance: 1000 (100.00%) -- Ticket Income $150,000.00
Game was played at the TD Garden
Total Attendance: 17565 (100.00%)
Total Ticket Income: $1,054,116.00
Other Income: $316,234.88
Total Income: $1,370,351.00


Play by Play

Period #1

0:01 of 1st period - Mike Richards wins face-off versus David Krejci in neutral zone.
0:06 of 1st period - Troy Brouwer is hit by Rick Nash and loses puck.
0:34 of 1st period - Nathan Horton is hit by Chris Phillips and loses puck.
0:43 of 1st period - Icing by Tyler Myers.
0:44 of 1st period - Henrik Zetterberg wins face-off versus Mike Richards in Sabres zone.
0:47 of 1st period - Shot by Henrik Zetterberg.
0:47 of 1st period - Shot Misses the Net.
1:17 of 1st period - Shot by Dustin Brown.
1:17 of 1st period - Stopped by Evgeni Nabokov without a rebound.
1:18 of 1st period - Chris Kelly wins face-off versus Ryan Kesler in Sabres zone.
1:38 of 1st period - Shot by Teemu Selanne.
1:38 of 1st period - Stopped by Cam Ward without a rebound.
1:39 of 1st period - Mike Richards wins face-off versus Patrice Bergeron in Bruins zone.
2:06 of 1st period - Mike Richards is hit by Zdeno Chara and loses puck.
2:14 of 1st period - Off-side.
2:15 of 1st period - David Legwand wins face-off versus Henrik Zetterberg in neutral zone.
2:28 of 1st period - Shot by Brian Gionta.
2:28 of 1st period - Shot Misses the Net.
2:46 of 1st period - Minor Penalty to Jeff Schultz for Tripping.
2:47 of 1st period - Ryan Kesler wins face-off versus Henrik Zetterberg in Sabres zone.
4:18 of 1st period - Off-side.
4:19 of 1st period - Chris Kelly wins face-off versus Brian Gionta in neutral zone.
5:11 of 1st period - Off-side.
5:12 of 1st period - David Legwand wins face-off versus Mark Recchi in neutral zone.
5:18 of 1st period - Tyler Myers is hit by Zdeno Chara.
5:39 of 1st period - Shot by Brian Gionta.
5:39 of 1st period - Shot Blocked by Zdeno Chara.
5:41 of 1st period - Shot by Tuomo Ruutu.
5:41 of 1st period - Stopped by Cam Ward without a rebound.
5:42 of 1st period - Henrik Zetterberg wins face-off versus Ryan Kesler in Bruins zone.
6:43 of 1st period - Mike Richards is hit by Milan Lucic and loses puck.
7:48 of 1st period - Icing by Zdeno Chara.
7:49 of 1st period - Patrice Bergeron wins face-off versus David Legwand in Bruins zone.
7:53 of 1st period - Mark Recchi is hit by Chris Phillips and loses puck.
8:11 of 1st period - Icing by Mark Recchi.
8:12 of 1st period - Patrice Bergeron wins face-off versus Ryan Kesler in Bruins zone.
8:23 of 1st period - Shot by Teemu Selanne.
8:23 of 1st period - Stopped by Cam Ward without a rebound.
8:24 of 1st period - Chris Kelly wins face-off versus David Legwand in Bruins zone.
8:57 of 1st period - Shot by Tuomo Ruutu.
8:57 of 1st period - Stopped by Cam Ward with a rebound.
9:36 of 1st period - Jeff Schultz is hit by Toni Lydman and loses puck.
9:37 of 1st period - Minor Penalty to Toni Lydman for Roughing.
9:38 of 1st period - Henrik Zetterberg wins face-off versus Mike Richards in Bruins zone.
9:59 of 1st period - Dennis Seidenberg is hit by Mike Richards and loses puck.
10:24 of 1st period - Shot by Jordan Leopold.
10:24 of 1st period - Shot Blocked by Trevor Daley.
10:52 of 1st period - Shot by Teemu Selanne.
10:52 of 1st period - Deflect By Brian Gionta.
10:52 of 1st period - Stopped by Cam Ward without a rebound.
10:53 of 1st period - Tuomo Ruutu wins face-off versus Dustin Brown in Bruins zone.
13:11 of 1st period - Icing by Tom Gilbert.
13:12 of 1st period - Patrice Bergeron wins face-off versus Brian Gionta in Bruins zone.
13:23 of 1st period - Shot by Johan Franzen.
13:23 of 1st period - Shot Blocked by Zdeno Chara.
13:25 of 1st period - Shot by Luke Schenn.
13:25 of 1st period - Goal by Luke Schenn - Sabres : 1 - Bruins : 0.
13:26 of 1st period - Mike Richards wins face-off versus David Krejci in neutral zone.
13:35 of 1st period - Shot by Mike Richards.
13:35 of 1st period - Stopped by Cam Ward without a rebound.
13:36 of 1st period - Henrik Zetterberg wins face-off versus Ryan Kesler in Bruins zone.
13:56 of 1st period - Icing by Toni Lydman.
13:57 of 1st period - Mike Richards wins face-off versus Henrik Zetterberg in Bruins zone.
14:03 of 1st period - Icing by Dustin Brown.
14:04 of 1st period - Henrik Zetterberg wins face-off versus Mike Richards in Bruins zone.
14:04 of 1st period - Henrik Zetterberg is hit by Johan Franzen.
15:02 of 1st period - David Legwand is hit by Rick Nash and loses puck.
15:19 of 1st period - Shot by Tuomo Ruutu.
15:19 of 1st period - Shot Blocked by Zdeno Chara.
15:21 of 1st period - Shot by Jeff Schultz.
15:21 of 1st period - Deflect By Brian Gionta.
15:21 of 1st period - Shot Misses the Net.
15:23 of 1st period - Shot by Brian Gionta.
15:23 of 1st period - Stopped by Cam Ward without a rebound.
15:24 of 1st period - James Neal wins face-off versus Chris Kelly in Bruins zone.
15:31 of 1st period - Shot by Milan Lucic.
15:31 of 1st period - Shot Misses the Net.
16:04 of 1st period - Shot by Milan Lucic.
16:04 of 1st period - Deflect By Chris Kelly.
16:04 of 1st period - Shot Blocked by Kyle Quincey.
16:19 of 1st period - Chris Phillips is hit by Rick Nash and loses puck.
16:25 of 1st period - Rick Nash is hit by Kyle Quincey and loses puck.
16:53 of 1st period - Nathan Horton is hit by Jeff Schultz.
17:21 of 1st period - Icing by Brian Gionta.
17:22 of 1st period - David Legwand wins face-off versus Henrik Zetterberg in Sabres zone.
17:22 of 1st period - David Legwand is hit by Dustin Brown.
17:29 of 1st period - Brian Gionta is hit by Dustin Brown and loses puck.
17:59 of 1st period - Johan Franzen is hit by Dennis Seidenberg and loses puck.
18:04 of 1st period - Shot by Mike Richards.
18:04 of 1st period - Shot Misses the Net.
18:08 of 1st period - Shot by Troy Brouwer.
18:08 of 1st period - Shot Blocked by Dustin Brown.
18:10 of 1st period - Shot by Johan Franzen.
18:10 of 1st period - Shot Misses the Net.
18:50 of 1st period - Shot by Dan Hamhuis.
18:50 of 1st period - Shot Blocked by Jeff Schultz.
18:52 of 1st period - Shot by Dan Hamhuis.
18:52 of 1st period - Deflect By Milan Lucic.
18:52 of 1st period - Goal by Milan Lucic - Sabres : 1 - Bruins : 1.
18:53 of 1st period - Patrice Bergeron wins face-off versus Ryan Kesler in neutral zone.

Period #2

0:01 of 2nd period - Mike Richards wins face-off versus David Krejci in neutral zone.
0:25 of 2nd period - Brian Gionta is hit by Zdeno Chara and loses puck.
0:29 of 2nd period - Minor Penalty to David Krejci for Holding.
0:30 of 2nd period - Henrik Zetterberg wins face-off versus Ryan Kesler in Bruins zone.
0:49 of 2nd period - Shot by Tyler Myers.
0:49 of 2nd period - Stopped by Cam Ward without a rebound.
0:50 of 2nd period - Mike Richards wins face-off versus Patrice Bergeron in Bruins zone.
1:14 of 2nd period - Off-side.
1:15 of 2nd period - Henrik Zetterberg wins face-off versus Ryan Kesler in neutral zone.
2:18 of 2nd period - Patrice Bergeron is hit by Tuomo Ruutu.
2:25 of 2nd period - Minor Penalty to Kyle Quincey for Hooking.
2:26 of 2nd period - Mike Richards wins face-off versus Dustin Brown in Sabres zone.
2:28 of 2nd period - Icing by Brian Gionta.
2:29 of 2nd period - David Krejci wins face-off versus Brian Gionta in Sabres zone.
3:03 of 2nd period - Shot by Dustin Brown.
3:03 of 2nd period - Stopped by Evgeni Nabokov without a rebound.
3:04 of 2nd period - Henrik Zetterberg wins face-off versus Ryan Kesler in Sabres zone.
3:07 of 2nd period - Shot by Henrik Zetterberg.
3:07 of 2nd period - Shot Misses the Net.
3:21 of 2nd period - Shot by Henrik Zetterberg.
3:21 of 2nd period - Shot Misses the Net.
3:23 of 2nd period - Shot by Henrik Zetterberg.
3:23 of 2nd period - Shot Misses the Net.
3:25 of 2nd period - Shot by Zdeno Chara.
3:25 of 2nd period - Stopped by Evgeni Nabokov without a rebound.
3:26 of 2nd period - Ryan Kesler wins face-off versus Dustin Brown in Sabres zone.
4:32 of 2nd period - Minor Penalty to Zdeno Chara for Hooking.
4:33 of 2nd period - Mike Richards wins face-off versus Henrik Zetterberg in Bruins zone.
4:36 of 2nd period - Shot by Brian Gionta.
4:36 of 2nd period - Shot Misses the Net.
4:40 of 2nd period - Shot by Tuomo Ruutu.
4:40 of 2nd period - Shot Misses the Net.
4:42 of 2nd period - Shot by Mike Richards.
4:42 of 2nd period - Deflect By Brian Gionta.
4:42 of 2nd period - Shot Misses the Net.
4:46 of 2nd period - Shot by Brian Gionta.
4:46 of 2nd period - Stopped by Cam Ward with a rebound.
4:48 of 2nd period - Shot by Trevor Daley.
4:48 of 2nd period - Stopped by Cam Ward without a rebound.
4:49 of 2nd period - Ryan Kesler wins face-off versus Rick Nash in Bruins zone.
4:50 of 2nd period - Shot by Tyler Myers.
4:50 of 2nd period - Stopped by Cam Ward with a rebound.
4:52 of 2nd period - Shot by Tyler Myers.
4:52 of 2nd period - Stopped by Cam Ward without a rebound.
4:53 of 2nd period - Ryan Kesler wins face-off versus Patrice Bergeron in Bruins zone.
4:58 of 2nd period - Shot by Ryan Kesler.
4:58 of 2nd period - Shot Blocked by Dennis Seidenberg.
5:02 of 2nd period - Shot by James Neal.
5:02 of 2nd period - Deflect By Ryan Kesler.
5:02 of 2nd period - Stopped by Cam Ward without a rebound.
5:03 of 2nd period - Henrik Zetterberg wins face-off versus Mike Richards in Bruins zone.
5:03 of 2nd period - Henrik Zetterberg is hit by Tuomo Ruutu.
5:27 of 2nd period - Mike Richards is hit by Gregory Campbell.
6:31 of 2nd period - Icing by David Legwand.
6:32 of 2nd period - Chris Kelly wins face-off versus David Legwand in Sabres zone.
6:35 of 2nd period - Shot by Brad Marchand.
6:35 of 2nd period - Shot Blocked by Luke Schenn.
6:37 of 2nd period - Shot by Chris Kelly.
6:37 of 2nd period - Shot Misses the Net.
6:39 of 2nd period - Shot by Milan Lucic.
6:39 of 2nd period - Shot Blocked by Luke Schenn.
6:49 of 2nd period - Shot by Johan Franzen.
6:49 of 2nd period - Goal by Johan Franzen - Sabres : 2 - Bruins : 1.
6:50 of 2nd period - Mike Richards wins face-off versus Patrice Bergeron in neutral zone.
7:01 of 2nd period - Mike Richards is hit by Zdeno Chara and loses puck.
7:12 of 2nd period - Shot by Mike Richards.
7:12 of 2nd period - Shot Blocked by Zdeno Chara.
7:37 of 2nd period - Icing by Dennis Seidenberg.
7:38 of 2nd period - Henrik Zetterberg wins face-off versus Ryan Kesler in Bruins zone.
8:59 of 2nd period - Tyler Myers is hit by Dan Hamhuis.
9:11 of 2nd period - Tyler Myers is hit by Milan Lucic and loses puck.
9:12 of 2nd period - Minor Penalty to Milan Lucic for High sticking.
9:13 of 2nd period - Patrice Bergeron wins face-off versus Troy Brouwer in Bruins zone.
10:34 of 2nd period - Shot by Mike Richards.
10:34 of 2nd period - Stopped by Cam Ward without a rebound.
10:35 of 2nd period - Henrik Zetterberg wins face-off versus David Legwand in Bruins zone.
11:00 of 2nd period - Shot by Brian Gionta.
11:00 of 2nd period - Shot Misses the Net.
11:09 of 2nd period - Icing by David Legwand.
11:10 of 2nd period - David Legwand wins face-off versus Patrice Bergeron in Sabres zone.
11:35 of 2nd period - Shot by Mike Richards.
11:35 of 2nd period - Shot Misses the Net.
11:39 of 2nd period - Shot by Mike Richards.
11:39 of 2nd period - Shot Misses the Net.
11:41 of 2nd period - Shot by Mike Richards.
11:41 of 2nd period - Deflect By Johan Franzen.
11:41 of 2nd period - Stopped by Cam Ward without a rebound.
11:42 of 2nd period - Chris Kelly wins face-off versus Ryan Kesler in Bruins zone.
12:25 of 2nd period - Icing by Dennis Seidenberg.
12:26 of 2nd period - Mike Richards wins face-off versus Henrik Zetterberg in Bruins zone.
12:41 of 2nd period - Shot by Henrik Zetterberg.
12:41 of 2nd period - Shot Blocked by Trevor Daley.
12:53 of 2nd period - Shot by Rich Peverley.
12:53 of 2nd period - Stopped by Evgeni Nabokov without a rebound.
12:54 of 2nd period - Patrice Bergeron wins face-off versus David Legwand in Sabres zone.
12:54 of 2nd period - Patrice Bergeron is hit by Tyler Myers.
12:59 of 2nd period - Icing by Tuomo Ruutu.
13:00 of 2nd period - David Legwand wins face-off versus David Krejci in Sabres zone.
13:00 of 2nd period - David Legwand is hit by Rick Nash.
13:19 of 2nd period - Brian Gionta is hit by Dan Hamhuis and loses puck.
13:33 of 2nd period - Icing by Zdeno Chara.
13:34 of 2nd period - Rick Nash wins face-off versus Mike Richards in Bruins zone.
13:34 of 2nd period - Rick Nash is hit by Troy Brouwer.
14:17 of 2nd period - Shot by Henrik Zetterberg.
14:17 of 2nd period - Deflect By Rich Peverley.
14:17 of 2nd period - Stopped by Evgeni Nabokov with a rebound.
14:19 of 2nd period - Shot by Henrik Zetterberg.
14:19 of 2nd period - Shot Blocked by Luke Schenn.
14:23 of 2nd period - Shot by Henrik Zetterberg.
14:23 of 2nd period - Stopped by Evgeni Nabokov without a rebound.
14:24 of 2nd period - Chris Kelly wins face-off versus Ryan Kesler in Sabres zone.
14:24 of 2nd period - Dan Hamhuis is hit by Kyle Quincey and loses puck.
14:35 of 2nd period - Shot by James Neal.
14:35 of 2nd period - Shot Misses the Net.
14:37 of 2nd period - Shot by Ryan Kesler.
14:37 of 2nd period - Stopped by Cam Ward without a rebound.
14:38 of 2nd period - David Legwand wins face-off versus Patrice Bergeron in Bruins zone.
14:51 of 2nd period - Icing by Tom Gilbert.
14:52 of 2nd period - Rick Nash wins face-off versus Ryan Kesler in Bruins zone.
15:03 of 2nd period - Off-side.
15:04 of 2nd period - David Legwand wins face-off versus Chris Kelly in neutral zone.
15:04 of 2nd period - Brian Gionta is hit by Milan Lucic and loses puck.
15:08 of 2nd period - Brian Gionta is hit by Milan Lucic.
16:29 of 2nd period - Icing by Toni Lydman.
16:30 of 2nd period - Henrik Zetterberg wins face-off versus Mike Richards in Bruins zone.
16:30 of 2nd period - Henrik Zetterberg is hit by Mike Richards.
16:31 of 2nd period - Minor Penalty to Troy Brouwer for Tripping.
16:32 of 2nd period - Brian Gionta wins face-off versus Henrik Zetterberg in Sabres zone.
16:49 of 2nd period - Shot by Rick Nash.
16:49 of 2nd period - Deflect By Nathan Horton.
16:49 of 2nd period - Stopped by Evgeni Nabokov without a rebound.
16:50 of 2nd period - Ryan Kesler wins face-off versus David Krejci in Sabres zone.
16:56 of 2nd period - Icing by Dennis Seidenberg.
16:57 of 2nd period - Ryan Kesler wins face-off versus David Krejci in Bruins zone.
18:01 of 2nd period - Shot by Zdeno Chara.
18:01 of 2nd period - Shot Misses the Net.
18:03 of 2nd period - Shot by Nathan Horton.
18:03 of 2nd period - Deflect By Henrik Zetterberg.
18:03 of 2nd period - Shot Blocked by Mike Richards.
18:36 of 2nd period - Patrice Bergeron is hit by Kyle Quincey and loses puck.
18:46 of 2nd period - Zdeno Chara is hit by Kyle Quincey.
18:58 of 2nd period - Shot by Rick Nash.
18:58 of 2nd period - Stopped by Evgeni Nabokov without a rebound.
18:59 of 2nd period - Tuomo Ruutu wins face-off versus Chris Kelly in Sabres zone.
19:48 of 2nd period - Chris Kelly is hit by James Neal and loses puck.

Period #3

0:01 of 3rd period - David Krejci wins face-off versus Mike Richards in neutral zone.
0:13 of 3rd period - Minor Penalty to Tyler Myers for Elbowing.
0:14 of 3rd period - Ryan Kesler wins face-off versus David Krejci in Sabres zone.
0:20 of 3rd period - Icing by Dennis Seidenberg.
0:21 of 3rd period - Brian Gionta wins face-off versus David Krejci in Bruins zone.
0:58 of 3rd period - Shot by Rich Peverley.
0:58 of 3rd period - Stopped by Evgeni Nabokov without a rebound.
0:59 of 3rd period - Brian Gionta wins face-off versus Henrik Zetterberg in Sabres zone.
1:05 of 3rd period - Icing by Rick Nash.
1:06 of 3rd period - Henrik Zetterberg wins face-off versus Brian Gionta in Bruins zone.
1:35 of 3rd period - Shot by Rick Nash.
1:35 of 3rd period - Deflect By Nathan Horton.
1:35 of 3rd period - Shot Misses the Net.
2:35 of 3rd period - Shot by Brian Gionta.
2:35 of 3rd period - Shot Blocked by Dennis Seidenberg.
2:37 of 3rd period - Shot by Tyler Myers.
2:37 of 3rd period - Shot Blocked by Jordan Leopold.
2:39 of 3rd period - Shot by Brian Gionta.
2:39 of 3rd period - Shot Misses the Net.
2:41 of 3rd period - Shot by Tuomo Ruutu.
2:41 of 3rd period - Shot Misses the Net.
2:59 of 3rd period - Troy Brouwer is hit by Patrice Bergeron and loses puck.
3:09 of 3rd period - Shot by Luke Schenn.
3:09 of 3rd period - Stopped by Cam Ward without a rebound.
3:10 of 3rd period - Henrik Zetterberg wins face-off versus Ryan Kesler in Bruins zone.
3:15 of 3rd period - Shot by Rich Peverley.
3:15 of 3rd period - Stopped by Evgeni Nabokov without a rebound.
3:16 of 3rd period - Rich Peverley wins face-off versus Ryan Kesler in Sabres zone.
3:33 of 3rd period - Shot by James Neal.
3:33 of 3rd period - Shot Misses the Net.
3:51 of 3rd period - Shot by James Neal.
3:51 of 3rd period - Stopped by Cam Ward without a rebound.
3:52 of 3rd period - Mike Richards wins face-off versus Chris Kelly in Bruins zone.
4:37 of 3rd period - Icing by Johan Franzen.
4:38 of 3rd period - Mike Richards wins face-off versus Patrice Bergeron in Sabres zone.
4:45 of 3rd period - Shot by Rick Nash.
4:45 of 3rd period - Stopped by Evgeni Nabokov without a rebound.
4:46 of 3rd period - David Legwand wins face-off versus David Krejci in Sabres zone.
5:20 of 3rd period - Icing by Zdeno Chara.
5:21 of 3rd period - David Krejci wins face-off versus Ryan Kesler in Bruins zone.
6:50 of 3rd period - Shot by Mike Richards.
6:50 of 3rd period - Stopped by Cam Ward without a rebound.
6:51 of 3rd period - Mike Richards wins face-off versus Rick Nash in Bruins zone.
6:51 of 3rd period - Minor Penalty to Zdeno Chara for Hooking.
6:52 of 3rd period - Mike Richards wins face-off versus Patrice Bergeron in Bruins zone.
7:16 of 3rd period - Off-side.
7:17 of 3rd period - Patrice Bergeron wins face-off versus Ryan Kesler in neutral zone.
7:30 of 3rd period - Shot by Ryan Kesler.
7:30 of 3rd period - Shot Misses the Net.
7:37 of 3rd period - Icing by Teemu Selanne.
7:38 of 3rd period - Patrice Bergeron wins face-off versus Teemu Selanne in Sabres zone.
8:51 of 3rd period - Shot by Tuomo Ruutu.
8:51 of 3rd period - Shot Misses the Net.
9:02 of 3rd period - Mark Recchi is hit by Luke Schenn and loses puck.
9:09 of 3rd period - Shot by Patrice Bergeron.
9:09 of 3rd period - Stopped by Evgeni Nabokov without a rebound.
9:10 of 3rd period - Chris Kelly wins face-off versus Mike Richards in Sabres zone.
9:24 of 3rd period - Minor Penalty to Chris Phillips for Hooking.
9:25 of 3rd period - Brian Gionta wins face-off versus David Krejci in Sabres zone.
9:30 of 3rd period - Dennis Seidenberg is hit by Troy Brouwer and loses puck.
9:34 of 3rd period - Icing by Dennis Seidenberg.
9:35 of 3rd period - David Krejci wins face-off versus Ryan Kesler in Bruins zone.
10:12 of 3rd period - Shot by Nathan Horton.
10:12 of 3rd period - Stopped by Evgeni Nabokov without a rebound.
10:13 of 3rd period - Henrik Zetterberg wins face-off versus Ryan Kesler in Sabres zone.
11:06 of 3rd period - Minor Penalty to Dustin Brown for Roughing.
11:07 of 3rd period - Patrice Bergeron wins face-off versus Ryan Kesler in Bruins zone.
11:48 of 3rd period - Shot by Brian Gionta.
11:48 of 3rd period - Goal by Brian Gionta - Sabres : 3 - Bruins : 1.
11:49 of 3rd period - James Neal wins face-off versus Chris Kelly in neutral zone.
13:27 of 3rd period - Brian Gionta is hit by Dustin Brown and loses puck.
14:01 of 3rd period - Icing by Ryan Kesler.
14:02 of 3rd period - Ryan Kesler wins face-off versus Chris Kelly in Sabres zone.
14:06 of 3rd period - Icing by Teemu Selanne.
14:07 of 3rd period - Chris Kelly wins face-off versus Ryan Kesler in Sabres zone.
14:21 of 3rd period - Shot by Milan Lucic.
14:21 of 3rd period - Shot Misses the Net.
14:48 of 3rd period - Icing by Luke Schenn.
14:49 of 3rd period - Mike Richards wins face-off versus Henrik Zetterberg in Sabres zone.
16:11 of 3rd period - Dennis Seidenberg is hit by Tuomo Ruutu and loses puck.
16:24 of 3rd period - Shot by Troy Brouwer.
16:24 of 3rd period - Shot Misses the Net.
16:28 of 3rd period - Shot by Troy Brouwer.
16:28 of 3rd period - Stopped by Cam Ward without a rebound.
16:29 of 3rd period - Patrice Bergeron wins face-off versus David Legwand in Bruins zone.
16:33 of 3rd period - Off-side.
16:34 of 3rd period - Teemu Selanne wins face-off versus David Krejci in neutral zone.
16:55 of 3rd period - Shot by Tyler Myers.
16:55 of 3rd period - Shot Misses the Net.
16:59 of 3rd period - Shot by Ryan Kesler.
16:59 of 3rd period - Stopped by Cam Ward with a rebound.
17:01 of 3rd period - Shot by Kyle Quincey.
17:01 of 3rd period - Stopped by Cam Ward without a rebound.
17:02 of 3rd period - Mike Richards wins face-off versus David Krejci in Bruins zone.
17:49 of 3rd period - Shot by David Legwand.
17:49 of 3rd period - Stopped by Cam Ward without a rebound.
17:50 of 3rd period - Chris Kelly wins face-off versus Ryan Kesler in Bruins zone.
17:52 of 3rd period - Icing by Jordan Leopold.
17:53 of 3rd period - Ryan Kesler wins face-off versus Chris Kelly in Bruins zone.
18:03 of 3rd period - Minor Penalty to Patrice Bergeron for Holding.
18:04 of 3rd period - Mike Richards wins face-off versus Chris Kelly in Bruins zone.
18:09 of 3rd period - Shot by Trevor Daley.
18:09 of 3rd period - Shot Blocked by Dennis Seidenberg.
18:11 of 3rd period - Shot by Kyle Quincey.
18:11 of 3rd period - Shot Misses the Net.
18:15 of 3rd period - Shot by Tuomo Ruutu.
18:15 of 3rd period - Shot Misses the Net.
18:19 of 3rd period - Shot by Tuomo Ruutu.
18:19 of 3rd period - Shot Misses the Net.
18:21 of 3rd period - Shot by Trevor Daley.
18:21 of 3rd period - Stopped by Cam Ward without a rebound.
18:22 of 3rd period - Dustin Brown wins face-off versus Ryan Kesler in Bruins zone.
18:28 of 3rd period - Icing by Tyler Myers.
18:29 of 3rd period - Ryan Kesler wins face-off versus Gregory Campbell in Sabres zone.
18:33 of 3rd period - Icing by Teemu Selanne.
18:34 of 3rd period - Teemu Selanne wins face-off versus Dustin Brown in Sabres zone.
18:34 of 3rd period - Teemu Selanne is hit by Rick Nash.
19:23 of 3rd period - Shot by Mike Richards.
19:23 of 3rd period - Deflect By Brian Gionta.
19:23 of 3rd period - Shot Misses the Net.
19:25 of 3rd period - Shot by Kyle Quincey.
19:25 of 3rd period - Shot Misses the Net.
19:29 of 3rd period - Shot by Tuomo Ruutu.
19:29 of 3rd period - Shot Blocked by Jordan Leopold.
19:31 of 3rd period - Shot by Trevor Daley.
19:31 of 3rd period - Stopped by Cam Ward without a rebound.
19:32 of 3rd period - Dustin Brown wins face-off versus Tuomo Ruutu in Bruins zone.


Output by the SimonT Hockey Simulator (STHS) for Stephane Roy -- Original Page W3C XHTML 1.0 Valid